 Dungeon Crawl Stone Soup version 0.31.0-11-ge490571c62 (webtiles) character file.

Game seed: 5307348769666301036

4976 Minsecho the Nimble (level 10, -2/51 HPs)
             Began as a Spriggan Monk on Jan 29, 2024.
             Was an Initiate of Gozag.
             Slain by a two-headed ogre
             ... wielding a +0 dire flail
              (16 damage)
             ... on level 11 of the Dungeon.
             The game lasted 00:29:34 (11298 turns).

Minsecho the Nimble (Spriggan Monk)                Turns: 11298, Time: 00:29:34

Health: -2/51      AC:  3    Str: 11    XL:     10   Next: 29%
Magic:  18/18      EV: 28    Int: 11    God:    Gozag
Gold:   1363       SH:  0    Dex: 19    Spells: 7/18 levels left

rFire   . .          .
                       - Unarmed
rCold   . . .        r - orb {*Rage}
rNeg    + . .        a - +0 robe
rPois   .            (helmet restricted)
rElec   .            G - +0 cloak
rCorr   .            (gloves unavailable)
SInv    +            (boots unavailable)
Will    +....        k - amulet of magic regeneration
Stlth   ++++         x - ring of positive energy
HPRegen 0.28/turn    (no ring)
MPRegen 0.56/turn

%: random rage (20%)
@: on berserk cooldown, slowed, studying Dodging, quick
A: very small, no large weapons, unfitting armour, see invisible, speed 3
a: Renounce Religion, Potion Petition, Call Merchant, Bribe Branch


You were on level 11 of the Dungeon.
You worshipped Gozag.
Gozag was most pleased with you.
You visited 2 branches of the dungeon, and saw 12 of its levels.
You also visited: Ossuary.

You collected 1363 gold pieces.

Inventory:

Hand Weapons
 J - a +2 antimagic dagger
Missiles
 p - 5 silver javelins
 D - 9 boomerangs (quivered)
Armour
 a - a +0 robe (worn)
 c - an orb of light
 r - an orb of wrath (worn)
 G - a +0 cloak (worn)
Jewellery
 k - an amulet of magic regeneration (around neck)
 u - a ring of fire
 x - a ring of positive energy (left hand)
Wands
 n - a wand of iceblast (3)
 o - a wand of paralysis (1)
 B - a wand of digging (9)
 H - a wand of flame (8)
Scrolls
 d - 2 scrolls of fog
 e - 4 scrolls of poison
 h - a scroll of brand weapon
 l - 2 scrolls of enchant weapon
 m - 2 scrolls of immolation
 s - 3 scrolls of amnesia
 t - a scroll of silence
 w - 2 scrolls of teleportation
 y - a scroll of noise {unknown}
 A - 2 scrolls of vulnerability
 C - a scroll of torment {unknown}
 E - a scroll of enchant armour {unknown}
 F - a scroll of fear
Potions
 b - 3 potions of ambrosia
 f - 2 potions of degeneration
 g - a potion of mutation {unknown}
 i - 4 potions of magic
 j - 3 potions of curing
 q - 3 potions of haste
 v - 3 potions of lignification
 z - a potion of cancellation
 I - a potion of berserk rage
 K - 2 potions of heal wounds


   Skills:
 + Level 5.4 Fighting
 + Level 0.8 Throwing
 * Level 13.6 Dodging
 + Level 7.7 Stealth
 + Level 8.1 Unarmed Combat
 * Level 4.7 Spellcasting
 * Level 1.8 Hexes
 * Level 1.3 Air Magic
 * Level 2.6 Alchemy
 * Level 2.5 Evocations


You had 7 spell levels left.
You knew the following spells:

 Your Spells              Type           Power      Damage    Failure   Level
a - Mercury Vapours       Alch/Air       12%        N/A       16%         2
b - Slow                  Hex            24%        N/A       11%         1
c - Swiftness             Air            5%         N/A       36%         3
d - Ensorcelled Hibernat  Hex/Ice        8%         N/A       22%         2
e - Confusing Touch       Hex            6%         N/A       30%         3

Your spell library contained the following spells:

 Spells                   Type           Power      Damage    Failure   Level
 Sting                    Conj/Alch      20%        1d4       13%         1
 Apportation              Tloc           4%         N/A       22%         1
 Necrotise                Necr           8%         1d4       22%         1
 Sandblast                Erth           4%         2d4       22%         1
 Summon Small Mammal      Summ           8%         N/A       22%         1
 Sigil of Binding         Hex            6%         N/A       30%         3
 Tukima's Dance           Hex            6%         N/A       30%         3
 Frozen Ramparts          Ice            4%         1d1       54%         3
 Passwall                 Erth           2%         N/A       54%         3
 Stone Arrow              Conj/Erth      4%         3d7       54%         3
 Vampiric Draining        Necr           2%         2d6       54%         3
 Olgreb's Toxic Radiance  Alch           8%         N/A       58%         4
 Leda's Liquefaction      Alch/Erth      2%         N/A       78%         4
 Petrify                  Alch/Erth      5%         N/A       78%         4
 Dimensional Bullseye     Hex/Tloc       2%         N/A       83%         4
 Brom's Barrelling Bould  Conj/Erth      2%         2d3       91%         4
 Iskenderun's Mystic Bla  Conj/Tloc      2%         2d3       91%         4
 Metabolic Englaciation   Hex/Ice        2%         N/A       99%         5


Dungeon Overview and Level Annotations

Branches:
Dungeon (12/15)            Temple (1/1) D:6            Lair (0/5) D:9
    Orc (0/2) D:9         Ossuary (visited)

Altars:
Ashenzari
Cheibriados
Dithmenos
Fedhas
Gozag
Hepliaklqana
Kikubaaqudgha
Makhleb
Nemelex Xobeh
Okawaru
Qazlal
Ru
Sif Muna
Trog
Uskayaw
Vehumet
Wu Jian
Xom
Yredelemnul
Zin
The Shining One

Annotations:
D:5 2 transporters, SuperJoe's ghost, novice AtCj


Innate Abilities, Weirdness & Mutations

You are very small and have problems with some larger weapons.
You are too small for most types of armour.
You have supernaturally acute eyesight. (SInv)
You cover ground extremely quickly. (Speed+++)


Message History

You completely miss the wyvern.
The wyvern is heavily wounded.
The wyvern bites you!
You punch the wyvern!
The wyvern is almost dead.
The wyvern closely misses you.
You barely miss the wyvern.
The wyvern is almost dead.
The wyvern completely misses you.
You barely miss the wyvern.
The wyvern is almost dead.
The wyvern bites you.
You pummel the wyvern!!
You kill the wyvern!
The yak is distracted by your dazzling golden aura.
You feel a strong urge to attack something.
You feel your anger nearly subside.
You are no longer berserk.
You are exhausted.
You feel yourself slow down.
Aiming: Paralyse
Press: ? - help, Shift-Dir - straight line, f - two-headed ogre
Aim: a two-headed ogre, wielding a +0 dire flail and a +0 giant club (chance to affect: 37%)
The two-headed ogre resists with some effort.
Aiming: Iceblast
Press: ? - help, Shift-Dir - straight line, f/p - two-headed ogre
Aim: a two-headed ogre, wielding a +0 dire flail and a +0 giant club The mass of ice explodes!
The iceblast engulfs the two-headed ogre!
The two-headed ogre is lightly wounded.
The iceblast engulfs the yak!
The yak is moderately wounded.
You hear a bellow!
Unknown command.
Unknown command.
The two-headed ogre attacks as it pursues you!
The two-headed ogre hits you with a +0 dire flail!
* * * LOW HITPOINT WARNING * * *
The two-headed ogre hits you with a +0 giant club!
You die...
Your body crumbles into a pile of gold.

#.. #####..# ### #..
.... ..# ### ###.###..#
#.# .... ........# #.# #
#.# #...##..# #.# # ...
#...#...#####.####... #
#.###...#.#.@O.Y.......#
#
#...........#####Y####.#
# ###.##.......# #.# #
#.##.#####.# #O# #
#######.##.#
#.####Y####.#####
........##.#
#....YY..YY.Y....
##########.#
#.###.####..#.YO.
#.#####.# #..$ ..... .
#...(...# #..## ..#...Y


You could see a two-headed ogre and 2 yaks.

Vanquished Creatures
  A troll (D:9)
  3 wyverns
  A wraith (D:9)
  A yak (D:11)
  A steam dragon (D:8)
  A water moccasin (D:8)
  2 orc warriors (D:9)
  2 ice beasts
  3 sky beasts (D:7)
  A black bear (D:8)
  3 ogres
  2 centaurs
  3 phantoms
  An elf zombie (Ossuary)
  A kobold brigand (D:4)
  2 bullfrogs (D:7)
  2 scorpions (D:6)
  8 wights
  3 killer bees (D:7)
  2 howler monkeys
  A bombardier beetle (D:6)
  2 jellies
  3 orc priests
  3 centaur zombies (Ossuary)
  4 hounds
  3 human zombies (Ossuary)
  4 sleepcaps
  A bullfrog skeleton (D:7)
  3 scorpion zombies (D:7)
  4 iguanas
  6 orc wizards
  A killer bee zombie (D:7)
  5 hound zombies (Ossuary)
  2 mummies (Ossuary)
  A howler monkey skeleton (D:7)
  11 gnolls
  5 adders
  A shadow imp (D:6)
  2 white imps
  4 adder zombies (Ossuary)
  A dart slug (D:5)
  2 ribbon worms
  41 orcs
  4 endoplasms
  A giant cockroach (D:1)
  5 gnoll zombies (Ossuary)
  11 goblins
  6 hobgoblins
  7 kobolds
  3 quokkas
  9 ball pythons
  6 bats
  3 frilled lizards
  4 jackal zombies (Ossuary)
  7 kobold zombies (Ossuary)
  4 orc zombies (Ossuary)
  8 rats
231 creatures vanquished.

Vanquished Creatures (others)
  An orc wizard (D:9)
1 creature vanquished.

Grand Total: 232 creatures vanquished

Notes
Turn   | Place    | Note
-------+----------+-------------------------------------------
     0 | D:1      | Minsecho the Spriggan Monk began the quest for the Orb.
     0 | D:1      | Reached XP level 1. HP: 11/11 MP: 2/2
   160 | D:1      | Reached XP level 2. HP: 16/16 MP: 3/3
   367 | D:1      | Reached skill level 5 in Dodging
   617 | D:2      | Reached XP level 3. HP: 14/19 MP: 4/4
   749 | D:2      | Found a shadowy altar of Dithmenos.
   996 | D:2      | Reached skill level 6 in Dodging
  1247 | D:2      | Reached XP level 4. HP: 11/23 MP: 5/5
  1637 | D:3      | Found a shadowy altar of Dithmenos.
  1639 | D:3      | Found a bloodstained altar of Trog.
  1639 | D:3      | Found a glowing golden altar of the Shining One.
  1639 | D:3      | Found an iron altar of Okawaru.
  1640 | D:3      | Found a radiant altar of Vehumet.
  1642 | D:3      | Found a hide-covered altar of Uskayaw.
  1644 | D:3      | Found a burning altar of Makhleb.
  2858 | D:4      | Noticed a kobold brigand
  3079 | D:4      | Noticed an ogre
  3179 | D:4      | Killed a kobold brigand
  3180 | D:4      | Reached XP level 5. HP: 17/28 MP: 6/6
  3324 | D:4      | Reached skill level 7 in Dodging
  3412 | D:4      | Killed an ogre
  3413 | D:4      | Reached XP level 6. HP: 32/32 MP: 7/7
  3655 | D:4      | Reached skill level 8 in Dodging
  3849 | D:5      | Entered Level 5 of the Dungeon
  4233 | D:5      | HP: 1/48 [orc/+0 dagger (3)]
  4366 | D:5      | Found a transporter.
  4367 | D:5      | Noticed SuperJoe's ghost (novice AtCj)
  4376 | D:5      | Reached XP level 7. HP: 36/36 MP: 8/8
  4393 | D:5      | Found a transporter.
  4453 | D:5      | Found an ornate altar of the Wu Jian Council.
  4480 | D:5      | Reached skill level 9 in Dodging
  4480 | D:5      | Found a basalt altar of Yredelemnul.
  5010 | D:5      | Learned a level 2 spell: Mercury Vapours
  5218 | D:5      | HP: 1/36 [ogre/+0 giant club (24)]
  5432 | D:5      | Reached skill level 10 in Dodging
  5432 | D:5      | Reached skill level 5 in Unarmed Combat
  5595 | D:6      | Reached XP level 8. HP: 42/42 MP: 9/9
  5884 | D:6      | Reached skill level 1 in Evocations
  5931 | D:6      | Found a staircase to the Ecumenical Temple.
  5964 | Temple   | Entered the Ecumenical Temple
  5967 | Temple   | Learned a level 1 spell: Slow
  5977 | Temple   | Became a worshipper of Gozag Ym Sagoz the Greedy
  6034 | D:6      | Reached skill level 5 in Stealth
  6034 | D:6      | Reached skill level 1 in Spellcasting
  6109 | D:6      | Reached skill level 11 in Dodging
  6363 | D:6      | Found an ancient bone altar of Kikubaaqudgha.
  6760 | D:7      | Found a sand-covered staircase.
  6803 | Ossuary  | Entered an ossuary
  7409 | Ossuary  | Reached XP level 9. HP: 41/46 MP: 13/13
  8153 | D:7      | Reached skill level 5 in Fighting
  8153 | D:7      | Reached skill level 12 in Dodging
  9772 | D:8      | Reached skill level 13 in Dodging
 10169 | D:9      | Found a staircase to the Orcish Mines.
 10179 | D:9      | Learned a level 3 spell: Swiftness
 10182 | D:9      | Learned a level 2 spell: Ensorcelled Hibernation
 10186 | D:9      | Learned a level 3 spell: Confusing Touch
 10213 | D:9      | Reached skill level 1 in Alchemy
 10251 | D:9      | Noticed a death yak
 10261 | D:9      | Noticed a death yak
 10377 | D:9      | Reached XP level 10. HP: 51/51 MP: 17/17
 10469 | D:9      | Noticed a death yak
 10527 | D:9      | Found a staircase to the Lair.
 10550 | D:9      | Noticed a death yak
 10947 | D:9      | Reached skill level 1 in Hexes
 10947 | D:9      | Reached skill level 1 in Air Magic
 11101 | D:9      | You fall into a shaft and drop 3 floors!
 11270 | D:11     | Noticed a two-headed ogre
 11298 | D:11     | Slain by a two-headed ogre

Illustrated notes

Levels and vault maps discovered:
D:1:      amcnicky_arrival_gap_in_the_tavern_cellar, layout_rooms
D:2:      layout_loops_ring, basic_altar, minmay_liquid_box, minmay_pentomino_s4
D:3:      layout_loops_corners, minitemple,
          nicolae_concentric_dashed_squares_wild
D:4:      layout_cave_pools
D:5:      layout_rooms, mainiacjoe_overflow_catwalk, nzn_wu_jian_contemplation,
          gammafunk_ghost_mausoleum
D:6:      layout_cave_pools, lemuel_round_altar, minmay_temple_entry_ruins,
          hangedman_abyss_or_decor_lesser_grid, dk_rats_in_the_wall
D:7:      layout_loops_corners, mainiacjoe_ossuary_entry_find_the_door
D:8:      layout_basic
D:9:      layout_basic, dpeg_lair_monsters, orc_0_dummy
D:11:     layout_loops_ring, serial_undead, serial_undead_d, serial_undead_a,
          serial_undead_f, serial_undead_e, serial_undead_c, serial_undead_c
D:12:     layout_loops_ring, roderic_batcave, nicolae_demonic_statue_gallery
Temple:   jpeg_temple_clearing

Skill      XL: |  1  2  3  4  5  6  7  8  9 10 |
---------------+-------------------------------+-----
Dodging        | 5 6 7 8 10 11 13 | 13.6
Unarmed Combat | 3 4 5 6 7 8 |  8.1
Stealth        | 3 4 5 7 |  7.7
Fighting       | 3 4 5 |  5.4
Evocations     | 1 2 |  2.5
Spellcasting   | 2 4 |  4.7
Alchemy        | 1 2 |  2.6
Hexes          | 1 |  1.8
Air Magic      | 1 |  1.3
Throwing       | |  0.8

Action                     |  1- 3 |  4- 6 |  7- 9 | 10-12 || total
---------------------------+-------+-------+-------+-------++-------
  Melee: Unarmed           |   182 |   242 |   650 |   104 ||  1178
  Throw: Boomerang         |    18 |    13 |       |       ||    31
   Cast: Mercury Vapours   |       |       |     1 |       ||     1
  Evoke: Wand              |       |     3 |     8 |     2 ||    13
    Use: Scroll            |       |     6 |     7 |     5 ||    18
         Potion            |       |     3 |       |       ||     3
   Stab: Paralysed         |       |    11 |    10 |       ||    21
         Sleeping          |       |     1 |    15 |       ||    16
         Distracted        |       |       |     3 |     1 ||     4
 Armour: Robe              |    44 |    75 |   136 |    28 ||   283
  Dodge: Dodged            |   154 |   218 |   519 |    82 ||   973
